 Dungeon Crawl Stone Soup version 0.25-a0-280-gfa4545f159 (webtiles) character file.

Game seed: 9756873373160821089, levelgen mode: deterministic

2683 Wolfie the Spear-Bearer (level 9, -15/63 HPs)
             Began as a Merfolk Gladiator on Dec 10, 2019.
             Was a Follower of Hepliaklqana.
             Demolished by Harold
             ... wielding a +1 vampiric trident
              (19 damage)
             ... on level 7 of the Dungeon.
             The game lasted 00:26:56 (5208 turns).

Wolfie the Spear-Bearer (Merfolk Gladiator)         Turns: 5208, Time: 00:26:57

Health: -15/63     AC:  9    Str: 16    XL:     9   Next: 64%
Magic:  9/9        EV: 15    Int:  7    God:    Hepliaklqana [*.....]
Gold:   273        SH:  0    Dex: 17    Spells: 8/8 levels left

rFire    + . .     SeeInvis .   h - +4 halberd (protect)
rCold    . . .     Gourm    .   (shield currently unavailable)
rNeg     . . .     Faith    +   r - +3 ring mail {rF+}
rPois    .         Spirit   .   p - +0 helmet
rElec    .         Reflect  .   (no cloak)
rCorr    .         Harm     .   (no gloves)
MR       .....                  (no boots)
Stlth    ++........             k - amulet of faith
HPRegen  0.20/turn              (no ring)
MPRegen  0.11/turn              (no ring)

@: about to teleport, marked, lightly drained
A: change form in water, swift swim, stealthy swim, reduced essence
a: Recall Ancestor, Ancestor Identity, Renounce Religion


You were on level 7 of the Dungeon.
You worshipped Hepliaklqana.
Hepliaklqana was aware of your devotion.
You were not hungry.

You visited 2 branches of the dungeon, and saw 8 of its levels.
You also visited: Ossuary.

You collected 273 gold pieces.

Inventory:

Hand Weapons
 h - a +4 halberd of protection (weapon)
Missiles
 d - 3 throwing nets (quivered)
 j - 2 boomerangs
Armour
 p - a +0 helmet (worn)
 r - a +3 ring mail of fire resistance (worn)
Jewellery
 g - an uncursed amulet of the acrobat
 k - an amulet of faith (around neck)
Wands
 c - a wand of digging (6)
 n - a wand of polymorph (5)
 s - a wand of enslavement (9)
Scrolls
 a - a scroll of enchant weapon
 i - 2 scrolls of teleportation
 q - a scroll of identify
 u - a scroll of fear
 v - a scroll of blinking
 y - 2 scrolls of remove curse
Potions
 b - a potion of heal wounds {unknown}
 e - a potion of invisibility {unknown}
 l - 2 potions of flight
 m - a potion of degeneration {unknown}
 o - a potion of cancellation {unknown}
 t - 2 potions of brilliance
 x - a potion of haste {unknown}
 z - a potion of curing {unknown}
Comestibles
 f - 10 rations


   Skills:
 + Level 6.3(6.1) Fighting
 + Level 13.2(13.0) Polearms
 + Level 2.0(1.8) Throwing
 + Level 3.4(3.2) Armour
 + Level 6.8(6.6) Dodging
 + Level 2.8(2.6) Stealth
   Level 1.3(1.2) Shields


You had 8 spell levels left.
You didn't know any spells.
Your spell library contained the following spells:

 Spells                   Type           Power        Failure   Level  Hunger
 Beastly Appendage        Tmut           #.....       65%         1    ##.....
 Sticks to Snakes         Tmut           #.......     78%         2    ###....
 Spider Form              Tmut/Pois      #.........   95%         3    ####...
 Ice Form                 Ice/Tmut       #.......     100%        4    #####..
 Blade Hands              Tmut           #.........   100%        5    ######.


Dungeon Overview and Level Annotations

Branches:
Dungeon (7/15)             Temple (1/1) D:4         Ossuary (visited)

Altars:
Ashenzari
Cheibriados
Dithmenos
Elyvilon
Gozag
Hepliaklqana
Makhleb
Nemelex Xobeh
Qazlal
Ru
Trog
Uskayaw
Vehumet
Wu Jian
Xom
Yredelemnul
Zin
The Shining One

Shops:
D:4 :

Annotations:
D:7 Harold, Prince Ribbit


Message History

The bullfrog hits you but does no damage.
Sagil-Zimu hits Harold.
The orc warrior hits Sagil-Zimu with a +2 long sword of flaming!
The orc warrior burns Sagil-Zimu.
Sagil-Zimu is destroyed!
Harold shouts!
You closely miss the bullfrog.
The bullfrog is almost dead.
The bullfrog hits you.
* * * LOW HITPOINT WARNING * * *
Harold barely misses you.
As you read the scroll of teleportation, it crumbles to dust.
You feel strangely unstable. The bullfrog closely misses you.
Harold hits you but does no damage.
The bullfrog hits you but does no damage.
You completely miss the bullfrog.
The bullfrog is almost dead.
The bullfrog barely misses you.
Harold hits you from afar with a +1 vampiric trident!!
You die...

.. .... ###...#
####.....# ##..#....#
#.......### ###
###.........###@#
#............##F###
##.............oo@.#.^
#...#..........Foo....?..
#..###.##.........).....#
##.# ####........)...)...
...### ##...............
.....# ........)........
.#.#.>......##...........


You could see Harold, Prince Ribbit, an orc warrior, a bullfrog and 3 orcs.

Vanquished Creatures
  The ghost of floatRand the Shield-Bearer, a novice FoFi (D:5)
  Menkaure (D:5)
  2 black bears
  An ice beast (D:5)
  An orc warrior (D:6)
  A phantom (D:4)
  A centaur (D:5)
  2 ogres
  A big kobold (D:7)
  2 elf zombies (Ossuary)
  A howler monkey (D:5)
  2 bullfrog zombies
  A crimson imp (D:6)
  2 centaur zombies (Ossuary)
  A hound (D:7)
  2 orc priests (D:6)
  A centaur skeleton (D:5)
  A human zombie (Ossuary)
  Ijyb (D:5)
  Terence (D:2)
  7 orc wizards
  4 worker ants
  2 big kobold zombies (Ossuary)
  3 mummies
  2 adders
  4 gnolls (D:4)
  A shadow imp (D:5)
  2 oozes
  An adder skeleton (D:7)
  4 worms
  A dart slug (D:1)
  2 leopard geckos
  21 orcs
  A ball python (D:3)
  4 giant cockroaches
  9 goblins
  7 hobgoblins
  5 jackals
  9 kobolds
  3 quokkas (D:3)
  6 bats
  A frilled lizard (D:1)
  A giant cockroach zombie (D:5)
  A goblin zombie (Ossuary)
  10 hobgoblin zombies (Ossuary)
  8 kobold zombies (Ossuary)
  10 orc zombies (Ossuary)
  11 rats
166 creatures vanquished.

Vanquished Creatures (collateral kills)
  A sky beast (D:7)
  2 orc warriors
  A wight (D:7)
  A bullfrog zombie (D:6)
  A hound (D:7)
  An adder (D:6)
  3 orcs
  A giant cockroach (D:7)
  A giant cockroach zombie (D:5)
  A jackal skeleton (D:5)
  2 kobolds (D:7)
15 creatures vanquished.

Vanquished Creatures (others)
  3 ancestors
  4 toadstools (D:1)
7 creatures vanquished.

Grand Total: 188 creatures vanquished

Notes
Turn   | Place    | Note
-------+----------+-------------------------------------------
     0 | D:1      | Wolfie the Merfolk Gladiator began the quest for the Orb.
     0 | D:1      | Reached XP level 1. HP: 16/16 MP: 1/1
   157 | D:1      | Reached XP level 2. HP: 21/23 MP: 2/2
   170 | D:1      | Reached skill level 5 in Polearms
   665 | D:2      | Reached XP level 3. HP: 19/28 MP: 3/3
   780 | D:2      | Noticed Terence
   789 | D:2      | Killed Terence
   789 | D:2      | Reached skill level 6 in Polearms
   789 | D:2      | Reached XP level 4. HP: 34/34 MP: 4/4
  1689 | D:3      | Reached XP level 5. HP: 41/41 MP: 5/5
  1927 | D:4      | Noticed a phantom
  1932 | D:4      | Killed a phantom
  1932 | D:4      | Reached skill level 7 in Polearms
  1936 | D:4      | You fall into a shaft and drop 1 floor!
  1936 | D:5      | Entered Level 5 of the Dungeon
  2123 | D:4      | Found a sand-covered staircase.
  2134 | D:4      | Reached XP level 6. HP: 36/48 MP: 6/6
  2138 | Ossuary  | Entered an ossuary
  2273 | Ossuary  | Paralysed by fainting for 7 turns
  2309 | Ossuary  | Paralysed by fainting for 7 turns
  2327 | Ossuary  | Paralysed by fainting for 12 turns
  2423 | Ossuary  | Reached skill level 8 in Polearms
  2448 | Ossuary  | Reached skill level 1 in Armour
  2448 | Ossuary  | Reached skill level 5 in Dodging
  2483 | Ossuary  | Reached skill level 1 in Shields
  2483 | Ossuary  | Reached XP level 7. HP: 13/53 MP: 7/7
  2519 | Ossuary  | Reached skill level 9 in Polearms
  2766 | D:4      | Found an opulent altar of Gozag.
  2921 | D:4      | Found Leorus's Book Shoppe.
  2957 | D:4      | Found a staircase to the Ecumenical Temple.
  2987 | Temple   | Entered the Ecumenical Temple
  3058 | Temple   | Became a worshipper of Hepliaklqana the Forgotten
  3533 | D:5      | Found a transporter.
  3567 | D:5      | Reached skill level 10 in Polearms
  3567 | D:5      | Reached skill level 1 in Stealth
  3567 | D:5      | Reached XP level 8. HP: 44/54 MP: 8/8
  3729 | D:5      | Noticed Menkaure
  3735 | D:5      | Killed Menkaure
  3868 | D:5      | Noticed Ijyb
  3879 | D:5      | Killed Ijyb
  3879 | D:5      | Reached skill level 5 in Fighting
  3988 | D:5      | Found a transporter.
  3988 | D:5      | Noticed floatRand's ghost (novice FoFi)
  4083 | D:5      | Killed floatRand's ghost
  4083 | D:5      | Reached skill level 11 in Polearms
  4292 | D:6      | Reached * piety under Hepliaklqana
  4324 | D:6      | Reached XP level 9. HP: 61/61 MP: 9/9
  4371 | D:6      | Reached skill level 12 in Polearms
  5012 | D:7      | Reached skill level 13 in Polearms
  5063 | D:7      | Noticed Harold
  5192 | D:7      | Noticed Prince Ribbit
  5208 | D:7      | Demolished by Harold

Levels and vault maps discovered:
D:1:      ldierk_water_garden, layout_basic
D:2:      layout_loops_cross, first_ration, uniq_terence
D:3:      layout_basic, nrook_loot_triangle
D:4:      layout_cave_pools, nicolae_overflow_crystal_walls,
          minmay_temple_entry_statues_fountains, gup_ossuary_entry_pyramid,
          serial_shops, nicolae_shop_window_shopping
D:5:      layout_loops_corners, gammafunk_ghost_mausoleum, uniq_menkaure,
          uniq_ijyb
D:6:      layout_basic, corner_web_ring
D:7:      layout_cave_pools, minitemple, uniq_prince_ribbit1, uniq_harold,
          uniq_pikel
Temple:   minmay_crystal_spiral_temple

Skill      XL: |  1  2  3  4  5  6  7  8  9 |
---------------+----------------------------+-----
Polearms       | 5 6 7 8 10 11 13 | 13.2
Fighting       | 3 4 5 6 |  6.3
Armour         | 1 2 3 |  3.4
Dodging        | 5 6 |  6.8
Shields        | 1 |  1.3
Stealth        | 1 2 |  2.8
Throwing       | |  2.0

Action                   |  1- 3 |  4- 6 |  7- 9 || total
-------------------------+-------+-------+-------++-------
Melee: Trident           |    91 |   272 |    63 ||   426
       Halberd           |       |       |   195 ||   195
  Use: Scroll            |       |     5 |    13 ||    18
       Potion            |       |     1 |     5 ||     6
 Stab: Sleeping          |     1 |       |     1 ||     2
       Distracted        |       |       |     3 ||     3
  Eat: Chunk             |       |     2 |     4 ||     6
       Ration            |       |     1 |     2 ||     3
Armor: Leather armour    |    22 |     2 |       ||    24
       Skin              |     1 |       |       ||     1
       Ring mail         |       |    86 |   106 ||   192
Dodge: Dodged            |    72 |   173 |   205 ||   450
Block: Buckler           |       |    26 |    16 ||    42

Table legend:
 A = Non-vault XP
 B = Vault XP
 C = Vault XP percentage of total XP
 D = Non-vault monster count
 E = Vault monster count
 F = Vault count percentage of total count
                 A         B        C        D         E       F
            +---------+---------+-------+---------+---------+-------
      Total |    2648 |    1186 |  30.9 |     134 |      47 |  26.0
            +---------+---------+-------+---------+---------+-------
        D:1 |      27 |       0 |   0.0 |      17 |       0 |   0.0
        D:2 |      49 |      36 |  42.4 |      19 |       1 |   5.0
        D:3 |      66 |       0 |   0.0 |      26 |       0 |   0.0
        D:4 |     483 |      18 |   3.6 |      17 |       1 |   5.6
        D:5 |     330 |     698 |  67.9 |       5 |       7 |  58.3
        D:6 |     969 |       0 |   0.0 |      29 |       0 |   0.0
        D:7 |     724 |       0 |   0.0 |      21 |       0 |   0.0
    Ossuary |       0 |     434 | 100.0 |       0 |      38 | 100.0
            +---------+---------+-------+---------+---------+-------
